AoeStats
← jphilkill

Oasis

507935067Analyzed
4v4 RM · 12d ago on Sep 20, 2026· 41m 5s· 8 players
Game mode
Random Map
Map size
Large (8 player)
Population
200
Speed
Normal
Resources
Standard
Victory
Conquest
Starting age
Dark Age
Ending age
Imperial Age
RankedLock teamsTeams togetherTeam positionsShared explorationLock speedFull tech treeHidden civsTurbo modeCheats
Victory
Defeat
🇮🇳 Franks · India
946
+10
🇮🇳 Goths · India
929
+11
🇮🇳 Khitans · India
791
+16
🇨🇳 Burmese · China
773
+17
🇫🇷 Franks · France
867
-16
🇩🇪 Burgundians · Germany
821
-14
🇸🇰 Britons · Slovakia
798
-22
🇬🇧 Malay · United Kingdom
743
-11
jphilkill
0:37 Loom
13:37 Feudal Age
20:48 Castle Age
20:47 Double-Bit Axe
20:56 Gold Mining
21:00 Stone Mining
30:26 Gold Shaft Mining
30:29 Stone Shaft Mining
30:49 Bow Saw
31:20 Wheelbarrow
31:42 Fortified Wall
33:08 Forging
32:58 Scale Mail Armor
32:22 Pikeman
33:02 Squires
34:21 Horse Collar
37:19 Chain Mail Armor
37:40 Iron Casting
38:18 Hand Cart
40:10 Two-Man Saw
39:16 Heavy Plow
38:53 Elite Skirmisher
40:28 Fletching
40:38 Padded Archer Armor
41:03 Ballistics
Destinox
1:19 Loom
16:04 Feudal Age
adz0615
10:57 Feudal Age
21:39 Castle Age
20:42 Double-Bit Axe
21:43 Crossbowman
24:33 Gold Mining
30:26 Thumb Ring
30:32 Padded Archer Armor
dominko
11:33 Feudal Age
15:32 Castle Age
15:13 Double-Bit Axe
17:21 Bow Saw
16:58 Horse Collar
18:11 Loom
21:49 Wheelbarrow
21:01 Town Watch
22:17 Gold Mining
22:19 Stone Mining
27:26 Gold Shaft Mining
26:54 Heavy Plow
32:14 Imperial Age
30:48 Hand Cart
30:45 Fletching
30:55 Padded Archer Armor
31:47 Bodkin Arrow
33:45 Ballistics
34:25 Chemistry
32:56 Cavalier
33:38 Husbandry
34:30 Scale Barding Armor
35:18 Yeomen
38:02 Chain Barding Armor
37:53 Forging
King Feet
2:02 Loom
12:19 Feudal Age
17:24 Castle Age
20:21 Domestication
20:32 Double-Bit Axe
21:29 Wheelbarrow
21:47 Town Watch
23:21 Hand Cart
22:58 Pikeman
24:01 Stone Mining
24:14 Gold Mining
24:37 Squires
28:09 Town Patrol
30:29 Stone Shaft Mining
33:06 Imperial Age
32:22 Scale Mail Armor
32:32 Forging
32:15 Arson
32:42 Lamellar Armor
34:11 Conscription
34:36 Bow Saw
34:50 Elite Fire Lancer
36:06 Chain Mail Armor
38:12 Chemistry
37:33 Ballistics
37:27 Fortified Wall
38:50 Plate Mail Armor
39:02 Iron Casting
39:12 Elite Liao Dao
Noob.
1:05 Loom
14:41 Feudal Age
15:10 Man-at-Arms
15:42 Arson
16:57 Forging
16:45 Horse Collar
17:55 Scale Mail Armor
30:52 Castle Age
31:59 Heavy Plow
32:38 Iron Casting
38:50 Pikeman
39:33 Squires
42:40 Imperial Age
41:15 Treadmill Crane
ExxTACSY
0:56 Loom
12:06 Feudal Age
15:57 Castle Age
14:14 Double-Bit Axe
16:07 Stone Mining
17:30 Wheelbarrow
18:40 Bow Saw
26:14 Gold Mining
28:08 Gold Shaft Mining
31:25 Imperial Age
29:39 Scale Barding Armor
29:44 Forging
31:10 Husbandry
31:33 Chain Barding Armor
31:49 Iron Casting
31:35 Cavalier
33:29 Plate Barding Armor
33:55 Paladin
39:53 Blast Furnace
Ninja-Rio
11:56 Feudal Age
15:40 Castle Age
15:09 Stone Mining
15:39 Double-Bit Axe
15:34 Horse Collar
15:46 Gold Mining
20:56 Forging
23:10 Anarchy
25:39 Scale Mail Armor
26:19 Iron Casting
29:10 Squires
29:56 Pikeman
36:01 Imperial Age
37:06 Chain Mail Armor
37:52 Blast Furnace
38:50 Halberdier
Connection lost

Rejoining the realm…

Still unreachable

The connection could not be restored.

Session expired

The server has moved on; the page needs a fresh start.